 Dungeon Crawl Stone Soup version 0.25-b1-23-ge2ad7d536c (webtiles) character file.

Game seed: 2524976469147031598, levelgen mode: deterministic

600 Hugehornet the Chopper (level 7, -3/41 HPs)
             Began as a Gargoyle Fighter on May 29, 2020.
             Killed from afar by an orc wizard (9 damage)
             ... with a puff of flame
             ... on level 5 of the Dungeon.
             The game lasted 00:06:03 (4054 turns).

Hugehornet the Chopper (Gargoyle Fighter)           Turns: 4054, Time: 00:06:04

Health: -3/41      AC: 16    Str: 20    XL:     7   Next: 41%
Magic:  7/7        EV:  5    Int: 13    God:
Gold:   265        SH:  9    Dex:  9    Spells: 6/6 levels left

rFire    . . .     SeeInvis .   A - +3 mace (drain)
rCold    . . .     Gourm    .   c - +0 kite shield
rNeg     + . .     Faith    .   r - +0 chain mail
rPois    ∞         Spirit   .   x - +1 helmet {Int+3}
rElec    +         Reflect  .   o - -1 cloak (curse)
rCorr    .         Harm     .   (no gloves)
MR       .....                  (no boots)
Stlth    ..........             i - amulet of the acrobat
HPRegen  0.13/turn              (no ring)
MPRegen  0.10/turn              (no ring)

@: mighty
A: negative energy resistance 1, electricity resistance, unbreathing,
petrification resistance, rot immunity, AC +4
a: no special abilities


You were on level 5 of the Dungeon.
You were hungry.

You visited 1 branch of the dungeon, and saw 5 of its levels.

You collected 265 gold pieces.

Inventory:

Hand Weapons
 a - a +0 war axe
 u - a +0 trident
 y - the +5 flail "Nigag" {venom, Int+4 Dex+2 SInv}
   (You found it on level 5 of the Dungeon)

   It poisons the flesh of those it strikes.
   It affects your intelligence (+4).
   It affects your dexterity (+2).
   It lets you see invisible.
 A - a +3 mace of draining (weapon)
Armour
 b - a +0 scale mail
 c - a +0 kite shield (worn)
 o - a cursed -1 cloak (worn)
 r - a +0 chain mail (worn)
 v - a +0 plate armour
 x - a +1 helmet of intelligence (worn)
Jewellery
 i - an amulet of the acrobat (around neck)
 w - an uncursed ring of fire
Wands
 l - a wand of flame (23)
 m - a wand of iceblast (16)
Scrolls
 e - 2 scrolls of enchant armour {unknown}
 g - 2 scrolls of blinking {unknown}
 k - 2 scrolls of remove curse {unknown}
 n - 3 scrolls of identify {unknown}
 p - a scroll of magic mapping {unknown}
 q - a scroll of fear {unknown}
Potions
 j - 2 potions of degeneration {unknown}
 s - a potion of mutation {unknown}
 t - 2 potions of haste {unknown}
 z - 2 potions of lignification {unknown}
Comestibles
 f - 12 rations


   Skills:
 - Level 3.2 Fighting
 - Level 6.9(7.1) Axes
 + Level 2.1(5.2) Maces & Flails
 - Level 3.2 Armour
 - Level 3.2 Shields


You had 6 spell levels left.
You didn't know any spells.
Your spell library was empty.

Dungeon Overview and Level Annotations

Branches:
Dungeon (5/15)
 Temple: D:4-7

Altars:
Ashenzari
Elyvilon
Wu Jian

Shops:
D:5 *=


Innate Abilities, Weirdness & Mutations

You are resistant to torment.
Your stone body is resilient. (AC +4)
You are immune to poison.
You resist negative energy. (rN+)
You are resistant to electric shocks. (rElec)
You can survive without breathing.
You are immune to petrification.
You are immune to rotting.


Message History

You block the orc wizard's attack. The orc wizard casts a spell at you.
The magic dart hits you!
The orc priest invokes the aid of Beogh against you.
Beogh smites you!
* * * LOW HITPOINT WARNING * * *
You feel better.
You feel better. You block the orc wizard's attack. x2
You feel very mighty all of a sudden.
The orc priest hits you but does no damage.
You block the orc wizard's attack.
You thump the orc priest!
The orc priest is heavily wounded.
The orc wizard hits you but does no damage.
The orc priest calls down the wrath of Beogh upon you.
Beogh smites you!
* * * LOW HITPOINT WARNING * * *
The orc wizard points at you and mumbles some strange words.
The puff of flame hits you!
You die...

##+#...#. ###.).......
#..........
#.P.P...... #....
#.P∩....... #....
#..P..o.. #....
#.....o# #....
#.#.##o## #....
#....@o.# ###....
#####...########.#....
#................∩
#....##...........
#....##...........
#.................
##.............#...
#..............+...
####...####.......####


You could see an orc priest and 3 orc wizards.

Vanquished Creatures
  Sigmund (D:2)
  An ogre (D:5)
  A howler monkey (D:4)
  A hound (D:5)
  Terence (D:2)
  3 orc wizards (D:4)
  Robin (D:4)
  5 adders
  A shadow imp (D:5)
  3 oozes
  3 worms
  2 dart slugs
  2 leopard geckos
  3 orcs
  2 ball pythons (D:3)
  6 giant cockroaches
  16 goblins
  7 hobgoblins
  6 jackals
  10 kobolds
  3 quokkas
  6 bats
  7 frilled lizards
  5 rats
96 creatures vanquished.

Notes
Turn   | Place    | Note
-------+----------+-------------------------------------------
     0 | D:1      | Hugehornet the Gargoyle Fighter began the quest for the
                  | Orb.
     0 | D:1      | Reached XP level 1. HP: 14/14 MP: 1/1
    26 | D:1      | Reached skill level 2 in Axes
    71 | D:1      | Reached XP level 2. HP: 19/19 MP: 2/2
   311 | D:1      | Reached skill level 3 in Axes
   503 | D:1      | Reached XP level 3. HP: 18/23 MP: 3/3
   751 | D:2      | Noticed Sigmund
   775 | D:2      | Killed Sigmund
   775 | D:2      | Reached skill level 5 in Axes
   775 | D:2      | Reached XP level 4. HP: 11/28 MP: 4/4
   775 | D:2      | Reached XP level 5. HP: 12/32 MP: 5/5
  1176 | D:2      | Noticed Terence
  1187 | D:2      | Killed Terence
  1187 | D:2      | Reached XP level 6. HP: 36/37 MP: 6/6
  1548 | D:2      | Found a white marble altar of Elyvilon.
  2067 | D:3      | Found a shattered altar of Ashenzari.
  2917 | D:4      | Reached skill level 6 in Axes
  3050 | D:4      | Noticed Robin
  3066 | D:4      | Killed Robin
  3191 | D:4      | Reached XP level 7. HP: 35/41 MP: 7/7
  3267 | D:4      | Found an ornate altar of the Wu Jian Council.
  3574 | D:5      | Entered Level 5 of the Dungeon
  3755 | D:5      | Got a bloodstained flail
  3756 | D:5      | Identified the +5 flail "Nigag" {venom, Int+4 Dex+2 SInv}
                  | (You found it on level 5 of the Dungeon)
  3902 | D:5      | Found Juohosou's Jewellery Emporium.
  4023 | D:5      | Found Tobbyxka's Assorted Antiques.
  4054 | D:5      | Killed from afar by an orc wizard

Illustrated notes

Levels and vault maps discovered:
D:1:      scummos_arrival_simple_fountains, layout_loops_ring,
          minmay_misc_feat_nine_boxes
D:2:      layout_basic, lemuel_doored_altar, uniq_sigmund, uniq_terence
D:3:      layout_basic, evilmike_ruin_ashenzari
D:4:      layout_basic, lemuel_round_altar, minmay_misc_feat_enclosed,
          uniq_robin
D:5:      layout_basic, first_ration, serial_shops, shop,
          nicolae_shop_overgrown_old_shop, shop

Skill      XL: |  1  2  3  4  5  6  7 |
---------------+----------------------+-----
Axes           | 2 3 5 6 |  6.9
Maces & Flails | 2 |  2.1
Fighting       | |  3.2
Armour         | |  3.2
Shields        | |  3.2

Action                   |  1- 3 |  4- 6 |  7- 9 || total
-------------------------+-------+-------+-------++-------
Melee: War axe           |    83 |   203 |    56 ||   342
       Flail             |       |       |    13 ||    13
       Mace              |       |       |     5 ||     5
  Use: Potion            |     2 |       |     3 ||     5
  Eat: Chunk             |       |     8 |     2 ||    10
Armor: Scale mail        |    62 |    61 |       ||   123
       Chain mail        |       |    37 |    43 ||    80
Dodge: Dodged            |    40 |    44 |    19 ||   103
Block: Kite shield       |    34 |    99 |    38 ||   171
